cohdb
Replays
Latest Replays
All Replays
Popular Replays
Top Player Replays
Match Explorer
How It Works
Community
CoH3 Stats
Reddit
Sign in to upload your games and track your stats! →
Sign in with Steam
Match 44673582
Unlisted
Match 44673582
Overview
Messages
Build Orders
End
Construct Barracks
Riflemen Squad
M1 Mortar Team
Riflemen Squad
Construct Weapon Support Center
Bazooka Squad
Selects Advanced Infantry Battlegroup
Selects Convert to Ranger Squad
Convert to Ranger Squad
Infantry Support Center
Advanced Logistics
Riflemen Squad
Convert to Ranger Squad
Selects Frontline Medical Station
Frontline Medical Station
Survival Training
Improved M9 Bazooka Rockets
Selects Ranger Weapon Training
Riflemen Squad
Convert to Ranger Squad
Engineer Squad
Munitions Surplus
Demolitions Package
Frontline Medical Station
Selects Ammunition Storage
wula
King Patrick
noobSquidward
Six
BLITZKRIEG BOB
JungleJim'68
24Kx
vincent
0
0
Comments
sign in to comment!
No comments posted yet!